 Dungeon Crawl Stone Soup version 0.32-a0-361-g289a535e89 (webtiles) character file.

Game seed: 3267640386008012408

71 cforsyth the Magician (level 4, -1/34 HPs)
             Began as a Djinni Fire Elementalist on Feb 19, 2024.
             Slain by a ribbon worm (3 damage)
             ... on level 2 of the Dungeon.
             The game lasted 00:01:36 (1067 turns).

cforsyth the Magician (Djinni Fire Elementalist)    Turns: 1067, Time: 00:01:36

Health: -1/34      AC:  2    Str:  7    XL:     4   Next: 47%
Gold:   31         EV:  6    Int: 18    God:
                   SH:  0    Dex: 14

rFire   + + .        (no weapon)
rCold   x . .        (no shield)
rNeg    . . .        a - +0 robe
rPois   ∞            (no helmet)
rElec   .            (no cloak)
rCorr   .            (no gloves)
SInv    .            (boots unavailable)
Will    +....        (no amulet)
Stlth   ++           (no ring)
HPRegen 0.25/turn    (no ring)
MPRegen 0.00/turn

%: infuse magic (-2 HP)
@: enlightened, flying, very slightly contaminated, held
A: sickness immunity, fire resistance 2, cold vulnerability 1, float, innate
caster, HP casting, extra vitality 1
a: no special abilities


You were on level 2 of the Dungeon.
You visited 1 branch of the dungeon, and saw 2 of its levels.

You collected 31 gold pieces.


Innate Abilities, Weirdness & Mutations

You are immune to sickness and miasma.
You are immune to poison.
Your flesh is very heat resistant. (rF++)
You are vulnerable to cold. (rC-)
You float through the air rather than walking.
You learn spells naturally, not from books.
Your magical power is your life essence.
You have superior vitality. (+4 MHP)


   Skills:
 + Level 2.5 Fighting
 - Level 2.1 Dodging
 - Level 1.5 Stealth
 + Level 3.7 Spellcasting
 + Level 3.7 Conjurations
 + Level 3.7 Hexes
 + Level 3.7 Summonings
 + Level 3.7 Necromancy
 + Level 3.7 Translocations
 + Level 3.7 Fire Magic
 + Level 3.7 Ice Magic
 + Level 3.7 Air Magic
 + Level 3.7 Earth Magic
 + Level 3.7 Alchemy


You knew the following spells:

 Your Spells              Type           Power      Damage    Failure   Level
f - Foxfire               Conj/Fire      64%        2x1d7     3%          1
r - Inner Flame           Hex/Fire       16%        N/A       10%         3
z - Summon Small Mammal   Summ           64%        N/A       3%          1
X - Scorch                Fire           32%        2d6       4%          2
Y - Volatile Blastmotes   Fire/Tloc      32%        2d12      10%         3
Z - Flame Wave            Conj/Fire      16%        2d7       32%         4
Your spell library was empty.

Inventory:

Armour
 a - a +0 robe (worn)
Scrolls
 e - a scroll of identify {unknown}
Potions
 b - a potion of heal wounds {unknown}
 c - a potion of invisibility {unknown}
 d - a potion of lignification {unknown}
 f - a potion of degeneration {unknown}

Dungeon Overview and Level Annotations

Branches:
Dungeon (2/15)

Altars:

Shops:
D:1

!([ ### #.. #.#
#.# #.# #.#
#.##########.
###....@w()....
#...###.######.
#.#.# #.# #.#.#
#.# #.#.# #..
#.#.. ... #.#..
~⌠P~ #.#..⌠..PP
#.#..P


You could see a ribbon worm.


Message History

The ribbon worm bites you.
* * * LOW HITPOINT WARNING * * *
Casting: Scorch (safe; 4% risk of failure)
Confirm with . or Enter, or press ? or * to list all spells.
Flames lash the endoplasm.
The endoplasm is burned terribly!
You kill the endoplasm!
* * * LOW HITPOINT WARNING * * *
Unknown command.
Casting: Scorch (safe; 4% risk of failure)
Confirm with . or Enter, or press ? or * to list all spells.
You miscast Scorch.
You are very lightly contaminated with residual magic.
Nothing appears to happen.
* * * LOW HITPOINT WARNING * * *
The ribbon worm bites you but does no damage.
Casting: Scorch (safe; 4% risk of failure)
Confirm with . or Enter, or press ? or * to list all spells.
You miscast Scorch.
Nothing appears to happen.
* * * LOW HITPOINT WARNING * * *
The ribbon worm is no longer more vulnerable to fire.
The ribbon worm bites you!
* * * LOW HITPOINT WARNING * * *
Casting: Scorch (safe; 4% risk of failure)
Confirm with . or Enter, or press ? or * to list all spells.
You don't have enough health to cast this spell.
Unknown command.
It was a potion of enlightenment.
You feel more buoyant. The ribbon worm bites you.
You die...

Skill      XL: |  1  2  3 |
---------------+----------+-----
Fighting       | 1 2 |  2.5
Dodging        | |  2.1
Stealth        | |  1.5
Spellcasting   | |  3.7
Conjurations   | |  3.7
Hexes          | |  3.7
Summonings     | |  3.7
Necromancy     | |  3.7
Translocations | |  3.7
Fire Magic     | |  3.7
Ice Magic      | |  3.7
Air Magic      | |  3.7
Earth Magic    | |  3.7
Alchemy        | |  3.7

Action                     |  1- 3 |  4- 6 || total
---------------------------+-------+-------++-------
  Melee: Unarmed           |     3 |       ||     3
   Cast: Foxfire           |    81 |    16 ||    97
         Scorch            |     1 |     5 ||     6
    Use: Potion            |       |     1 ||     1
 Armour: Robe              |    10 |     5 ||    15
  Dodge: Dodged            |    12 |     1 ||    13

Levels and vault maps discovered:
D:1:      dpeg_arrival_round_a, layout_basic, serial_shops,
          nicolae_shop_real_fake_doors, shop, nicolae_shop_advertising_works
          [nicolae_subvault_shop_adworks], minmay_misc_feat_tower
D:2:      layout_loops_ring, basic_altar, shapermc_ecumenical_altar_acropolis,
          minmay_hexomino_r4

Notes
Turn   | Place    | Note
-------+----------+-------------------------------------------
     0 | D:1      | cforsyth the Djinni Fire Elementalist began the quest for
                  | the Orb.
     0 | D:1      | cforsyth set off with the following spells memorised:
                  | Foxfire, Scorch, Volatile Blastmotes, Inner Flame, Flame
                  | Wave.
     0 | D:1      | Reached XP level 1. HP: 15/15 MP: 0/0
    72 | D:1      | Reached XP level 2. HP: 20/22 MP: 0/0
    86 | D:1      | Reached skill level 1 in Fighting
   242 | D:1      | Reached XP level 3. HP: 22/27 MP: 0/0
   242 | D:1      | Learned a level 1 spell: Summon Small Mammal
   447 | D:1      | Found Nuewk's Antique Weapon Shoppe.
   490 | D:1      | Reached skill level 2 in Fighting
   685 | D:1      | Found Dieb's Antique Armour Emporium.
   837 | D:1      | Reached XP level 4. HP: 31/33 MP: 0/0
   880 | D:1      | Found Xoump's Distillery.
  1066 | D:2      | HP: 2/34 [ribbon worm (7)]
  1067 | D:2      | Slain by a ribbon worm

Vanquished Creatures
  An adder (D:2)
  A dart slug (D:1)
  A ribbon worm (D:2)
  4 ball pythons
  5 bats
  An endoplasm (D:2)
  4 giant cockroaches (D:1)
  4 goblins
  3 hobgoblins (D:1)
  2 quokkas
  A frilled lizard (D:1)
  3 kobolds (D:1)
  2 rats (D:1)
32 creatures vanquished.

Vanquished Creatures (others)
  146 foxfires
146 creatures vanquished.

Grand Total: 178 creatures vanquished

Table legend: (Time is in decaauts)
 A = Elapsed time spent in this place.
 B = Non-inter-level travel time spent in this place.
 C = Inter-level travel time spent in this place.
 D = Time resting spent in this place.
 E = Time spent auto-exploring this place.
 F = Levels seen in this place.
 G = Mean time per level.
                   A        B        C        D        E       F      G
               +--------+--------+--------+--------+--------+-----+--------+
         Total |   1066 |   1039 |     27 |      0 |    860 |   2 |  533.0 |
       Dungeon |   1066 |   1039 |     27 |      0 |    860 |   2 |  533.0 |
               +--------+--------+--------+--------+--------+-----+--------+

Top non-repeatable levels by time:
     D:1: 978 daAuts
     D:2: 88 daAuts

Table legend:
 A = Non-vault XP
 B = Vault XP
 C = Vault XP percentage of total XP
 D = Non-vault monster count
 E = Vault monster count
 F = Vault count percentage of total count
                 A         B        C        D         E       F
            +---------+---------+-------+---------+---------+-------
      Total |      83 |      19 |  18.6 |      29 |       3 |   9.4
            +---------+---------+-------+---------+---------+-------
        D:1 |      70 |       0 |   0.0 |      25 |       0 |   0.0
        D:2 |      13 |      19 |  59.4 |       4 |       3 |  42.9
            +---------+---------+-------+---------+---------+-------
